[Event "Late-Titled-Tuesday-Blitz-April-30-2024"]
[Site "Chess.com"]
[Date "2024.04.30"]
[Round "1"]
[White "Iskusnyh"]
[Black "AsaHoffmann"]
[Result "1-0"]
[WhiteElo "2626"]
[BlackElo "2313"]
[TimeControl "180+1"]
[EndTime "14:07:18 PDT"]
[Termination "Iskusnyh won on time"]

1. d4 Nf6 2. c4 c5 3. d5 e5 4. Nc3 d6 5. e4 Be7 6. g3 O-O 7. Bg2 Na6 8. Nf3 Ne8 9. O-O f5 10. exf5 Bxf5 11. Nd2 Bg5 12. Be4 Qd7 13. Bxf5 Qxf5 14.
Nde4 Bxc1 15. Rxc1 Nac7 16. f4 Rd8 17. fxe5 Qxe5 18. Rxf8+ Kxf8 19. Qd3 Kg8 20. Rf1 Nf6 21. Nxf6+ gxf6 22. Rf4 Ne8 23. Re4 Qg5 24. Re7 Qc1+ 25. Kg2 Qxb2+ 26. Kh3 Ng7 27. Qf3 f5 28. Qe3 Rf8 29.
Rd7 Rf7 30. Rd8+ Rf8 31. Rd7 Rf7 32. Rxd6 Qc2 33. Rd8+ Rf8 34. Rd7 Rf7 35. Rd8+ Rf8 36. Rxf8+ Kxf8 37. Qxc5+ 1-0

[Event "Late-Titled-Tuesday-Blitz-April-30-2024"]
[Site "Chess.com"]
[Date "2024.04.30"]
[Round "1"]
[White "NikitaShnadrygin"]
[Black "sassassasss"]
[Result "1-0"]
[WhiteElo "2676"]
[BlackElo "2383"]
[TimeControl "180+1"]
[EndTime "14:07:20 PDT"]
[Termination "NikitaShnadrygin won by resignation"]

1. e4 Nc6 2. d4 d6 3. Nc3 Nf6 4. f3 e5 5. Nge2 Be7 6. Be3 O-O 7. Qd2 a6 8. O-O-O b5 9. dxe5 dxe5 10. Nd5 Nxd5 11.
exd5 Nb8 12. g4 Bb7 13. f4 exf4 14. Nxf4 Nd7 15. Bg2 Nf6 16. d6 Bxg2 17. dxe7 Qxe7 18. Nxg2 Nxg4 19. Bf4 Rad8 20. Qe1 Rxd1+ 21. Qxd1 Nf2 22. Re1 Qf6 23. Qf3 g5 24. Qxf2 gxf4 25. Qxf4 Qc6 26. Nh4 Kh8 27. Nf5 Qg6 28. Qe5+ f6 29. Qc5 Rg8 30.
b3 Qh5 31. Qf2 Rg5 32. Ng3 Qg6 33. Kb2 f5 34. Qd4+ Kg8 35. Qd8+ Kg7 36. Qe7+ Kh6 37. Re6 Rxg3 38. hxg3 1-0

[Event "Late-Titled-Tuesday-Blitz-April-30-2024"]
[Site "Chess.com"]
[Date "2024.04.30"]
[Round "1"]
[White "Casper"]
[Black "ViIIagra"]
[Result "1-0"]
[WhiteElo "2497"]
[BlackElo "2880"]
[TimeControl "180+1"]
[EndTime "14:07:21 PDT"]
[Termination "Casper won on time"]

1. Nf3 d6 2. d4 Nd7 3. b3 Ngf6 4. Bb2 g6 5. e3 Bg7 6. Be2 O-O 7. O-O b6 8. c4 Bb7 9. Nc3 e6 10. Rc1 Ne4 11.
Qc2 f5 12. Nd2 Ng5 13. h4 Nf7 14. Bf3 Bxf3 15. Nxf3 Nf6 16. e4 Ng4 17. d5 Nfe5 18.
Nxe5 Bxe5 19. g3 f4 20. Qe2 h5 21. dxe6 fxg3 22. fxg3 Rxf1+ 23. Rxf1 Bxg3 24. Qf3 Qxh4 25. Qf7+ Kh8 26. Nd5+ Be5 27. Bxe5+ dxe5 28. Rf3 Qe1+ 29. Kg2 Qe2+ 30. Kg1 Qd1+ 31. Kg2 Qd2+ 32. Kg1 Qh2+ 33. Kf1 Qh1+ 34. Ke2 Qg2+ 35. Ke1 Qg1+ 36. Rf1 Qg3+ 37. Kd2 c6 38. e7 Qg2+ 39. Kc3 1-0

[Event "Late-Titled-Tuesday-Blitz-April-30-2024"]
[Site "Chess.com"]
[Date "2024.04.30"]
[Round "1"]
[White "DenisQ"]
[Black "EvilMorty23"]
[Result "1-0"]
[WhiteElo "2718"]
[BlackElo "2415"]
[TimeControl "180+1"]
[EndTime "14:07:21 PDT"]
[Termination "DenisQ won by checkmate"]

1. Nf3 Nf6 2. c4 e6 3. g3 d5 4. Bg2 Be7 5. O-O O-O 6. b3 c6 7. Bb2 Nbd7 8. Nc3 b6 9. Qc2 Bb7 10. d4 Rc8 11. e4 dxe4 12. Nxe4 Nxe4 13. Qxe4 Nf6 14. Qc2 c5 15. dxc5 bxc5 16. Ng5 Bxg2 17. Bxf6 g6 18. Nxe6 fxe6 19. Bxe7 Qxe7 20. Kxg2 Qb7+ 21.
f3 Rcd8 22. Rae1 Rd4 23. Rxe6 Qd7 24. Re2 Rd3 25. Rff2 Qf5 26. Re7 Rfd8 27. Rxa7 h5 28. Qe2 h4 29. g4 Qf4 30. Qe6+ Kh8 31. Rf7 h3+ 32. Kxh3 Qh6+ 33. Kg2 Rd2 34. Kg3 Kg8 35. Rd7+ Kh8 36. Qf6+ Kg8 37. Qxd8+ Qf8 38. Qxf8+ Kxf8 39. Rfxd2 g5 40. Ra7 Ke8 41. Rd5 Kf8 42. Rd8# 1-0

[Event "Late-Titled-Tuesday-Blitz-April-30-2024"]
[Site "Chess.com"]
[Date "2024.04.30"]
[Round "1"]
[White "NajdorfPlayerc5"]
[Black "platy3"]
[Result "0-1"]
[WhiteElo "2475"]
[BlackElo "2871"]
[TimeControl "180+1"]
[EndTime "14:07:23 PDT"]
[Termination "platy3 won on time"]

1. e4 g6 2. d4 Bg7 3. Nf3 d6 4.
Bd3 a6 5. O-O h6 6. c3 e6 7. Nbd2 Ne7 8. Re1 b6 9. Nf1 Bb7 10. Ng3 Nd7 11. Bc2 O-O 12. Be3 Kh7 13.
h4 e5 14. dxe5 dxe5 15. h5 Qe8 16. Qd2 Rd8 17. Rad1 Nc8 18. Qc1 Nd6 19. Kh2 Nf6 20. Kg1 Ng4 21. Nh2 Nxe3 22. Qxe3 Bf6 23. f4 exf4 24. Qxf4 Qe5 25. Qf3 Bh4 26. Re3 Qxg3 27. Qxg3 Bxg3 28. Rxg3 Bxe4 29. hxg6+ fxg6 30. Bxe4 Nxe4 31.
Rgd3 Rxd3 32. Rxd3 Nd6 33. Nf3 Kg7 34. Kf2 g5 35. g4 Nc4 36. Kg3 Nxb2 37. Rd7+ Rf7 38. Rd8 Nc4 39. Rd4 Nd6 40. Ne5 Re7 41. Nc6 Re3+ 42.
Kf2 Rxc3 43. Nb4 c5 44. Rxd6 cxb4 45. Rxb6 a5 46. Rb5 Ra3 47. Rb7+ Kf6 48. Rb6+ Ke5 49.
Rxh6 Kf4 50. Rf6+ Kxg4 51. Kg1 Kg3 52. Rf2 b3 53. Rg2+ Kf4 54. axb3 Rxb3 55. Ra2 Rb5 56. Kf2 Ke4 57. Ra4+ Kd3 58. Kg2 Kc3 59. Re4 Kb3 60.
Re3+ Ka2 61. Re8 a4 62. Ra8 a3 63. Ra7 Kb2 64. Ra8 a2 65. Ra7 a1=Q 66. Rxa1 Kxa1 67. Kf3 Kb2 68. Kg4 Kc3 0-1

[Event "Late-Titled-Tuesday-Blitz-April-30-2024"]
[Site "Chess.com"]
[Date "2024.04.30"]
[Round "1"]
[White "VD_coach"]
[Black "FairChess_on_YouTube"]
[Result "0-1"]
[WhiteElo "2523"]
[BlackElo "3097"]
[TimeControl "180+1"]
[EndTime "14:07:24 PDT"]
[Termination "FairChess_on_YouTube won by resignation"]

1. d4 d5 2. c4 e6 3. Nf3 a6 4. cxd5 exd5 5. Nc3 c6 6. Bf4 Bd6 7. Bxd6 Qxd6 8. e3 Ne7 9. Bd3 O-O 10. O-O Bf5 11. Bxf5 Nxf5 12. Qd3 Ne7 13. b4 Nd7 14. a4 Nb6 15. a5 Nd7 16. Na4 Ng6 17.
Nc5 Qc7 18. Qf5 Nf6 19. Ne5 Rae8 20. Nxg6 fxg6 21. Qh3 Rf7 22. Rab1 h5 23. Ne6 Qd7 24.
Ng5 Qxh3 25. Nxh3 Ne4 26. Nf4 Kh7 27. Rb2 g5 28. Nd3 g4 29. Ne5 Rf5 30. f3 gxf3 31.
gxf3 Nd6 32. Kf2 g5 33. Ke2 Kh6 34. Rc2 Rfxe5 35. dxe5 Rxe5 36. Kd3 Nf5 37. e4 Nd6 38. Re1 g4 39. fxg4 dxe4+ 40. Kc3 hxg4 41. Rd2 Re6 42. Red1 Nf5 43. Rd7 Kg5 44. Rxb7 e3 45. Rf7 Ne7 46. Kd3 Nd5 47. Ke2 Nc3+ 48. Ke1 Nxd1 49. Kxd1 Rh6 50. Rc7 Rxh2 51. Rxc6 g3 52. Rc8 g2 53. Rg8+ Kf4 54.
b5 Rh1+ 55. Ke2 g1=Q 0-1

[Event "Late-Titled-Tuesday-Blitz-April-30-2024"]
[Site "Chess.com"]
[Date "2024.04.30"]
[Round "1"]
[White "JiangoFett"]
[Black "gmcorrales"]
[Result "0-1"]
[WhiteElo "2458"]
[BlackElo "2823"]
[TimeControl "180+1"]
[EndTime "14:07:25 PDT"]
[Termination "gmcorrales won by resignation"]

1. c4 c5 2. Nf3 Nc6 3. Nc3 g6 4. g3 Bg7 5. Bg2 d6 6. O-O Bf5 7. Qb3 Qd7 8. d3 Rc8 9. Re1 b6 10. Be3 h6 11. Rad1 g5 12. Qa4 Nf6 13. Bc1 O-O 14. h4 g4 15. Nd2 Nd4 16. Qxd7 Bxd7 17. e3 Nc2 18. Re2 Nb4 19. Nb3 Bc6 20. a3 Bxg2 21. Kxg2 Nc6 22. Bd2 e6 23. Be1 Rfd8 24.
Rc2 d5 25. cxd5 Nxd5 26. Ne2 Nde7 27. Rc4 Ne5 28. Rc3 Nd5 29. Rcc1 h5 30. d4 Nf3 31. dxc5 Bxb2 32. Rb1 Bxa3 33. cxb6 axb6 34. Nbd4 Bc5 35. Nb3 Bxe3 36. Rxd5 Rxd5 37. fxe3 Rc2 38. Nd4 Rxd4 39. exd4 Rxe2+ 40. Kf1 Rxe1+ 41. Rxe1 Nxe1 42. Kxe1 Kf8 43. Kd2 Ke7 44. Kc3 Kd6 45. Kc4 Kc6 46. Kd3 b5 47.
Ke4 b4 48. Kd3 Kd5 0-1

[Event "Late-Titled-Tuesday-Blitz-April-30-2024"]
[Site "Chess.com"]
[Date "2024.04.30"]
[Round "1"]
[White "DrVelja"]
[Black "scandalgod"]
[Result "1-0"]
[WhiteElo "2963"]
[BlackElo "2503"]
[TimeControl "180+1"]
[EndTime "14:07:26 PDT"]
[Termination "DrVelja won by resignation"]

1. e4 e5 2. Nf3 Nc6 3. Bb5 a6 4.
Ba4 d6 5. O-O Bg4 6. c3 Qf6 7.
d3 Ne7 8. h3 h5 9. Be3 Bxf3 10. Qxf3 Qxf3 11. gxf3 g5 12. d4 b5 13. Bb3 Bh6 14. a4 Na5 15. Bc2 O-O 16. h4 f6 17.
Na3 Nc4 18. Bb3 Kh7 19. Nxc4 bxc4 20. Bxc4 Ng6 21. a5 Nxh4 22. Be2 Rg8 23. b4 g4 24.
fxg4 hxg4 25. Bxh6 Kxh6 26. Kh2 Kg5 27. Kg3 f5 28.
f4+ exf4+ 29. Rxf4 Rae8 30. Bxa6 Rxe4 31. Rxe4 fxe4 32.
Bb7 Nf5+ 33. Kf2 g3+ 34. Ke2 Rh8 35. Bxe4 Rh2+ 36. Kd3 Rf2 37. a6 g2 38. Bxg2 Rxg2 39. a7 Rg3+ 40. Kc2 Ne3+ 41. Kb3 Nd5 42. a8=Q 1-0

[Event "Late-Titled-Tuesday-Blitz-April-30-2024"]
[Site "Chess.com"]
[Date "2024.04.30"]
[Round "1"]
[White "TheAlienParty"]
[Black "DuleMudule"]
[Result "1/2-1/2"]
[WhiteElo "2448"]
[BlackElo "2781"]
[TimeControl "180+1"]
[EndTime "14:07:26 PDT"]
[Termination "Game drawn by repetition"]

1. c4 e5 2. Nc3 Nc6 3. Nf3 g6 4. d4 exd4 5. Nxd4 Bg7 6. Nc2 Nge7 7. g3 O-O 8. Bg2 d6 9. O-O Be6 10. Ne3 Qd7 11. Ncd5 Rac8 12. Rb1 Bh3 13. b4 Bxg2 14. Kxg2 Nxd5 15. Nxd5 Ne5 16. Bb2 c6 17. Bxe5 Bxe5 18.
Ne3 Rfe8 19. Qd3 Rcd8 20. b5 f5 21. f4 Bf6 22. Rb3 Re6 23. Rf2 Rde8 24. Nc2 Re4 25. a4 Qe6 26. bxc6 bxc6 27. Rb7 a5 28. Ra7 Rxc4 29.
Rxa5 Qe4+ 30. Kh3 Rxa4 31. Rxa4 Qxa4 32. Qxd6 Kg7 33. Nb4 Be7 34. Qxc6 Qxc6 35. Nxc6 Bc5 36. Rf1 Rxe2 37. Rc1 Be3 38. Rd1 h6 39. Rd7+ Kf8 40.
Ne5 g5 41. fxg5 hxg5 42. Rf7+ Kg8 43. Rxf5 Kg7 44. Rf7+ Kg8 45. Rf5 Kg7 46. Rf7+ Kg8 47. Rf5 1/2-1/2

[Event "Late-Titled-Tuesday-Blitz-April-30-2024"]
[Site "Chess.com"]
[Date "2024.04.30"]
[Round "1"]
[White "GMG"]
[Black "1g60-1"]
[Result "1-0"]
[WhiteElo "2808"]
[BlackElo "2449"]
[TimeControl "180+1"]
[EndTime "14:07:27 PDT"]
[Termination "GMG won by checkmate"]

1. Nf3 f5 2. g3 Nf6 3. Bg2 e6 4. O-O Be7 5. c4 O-O 6. Nc3 d6 7. Qc2 e5 8. d4 Nc6 9. d5 Nb8 10. Ng5 Qe8 11. e4 f4 12. gxf4 exf4 13. Bxf4 Ng4 14.
Nh3 Qh5 15. Bg3 Ne5 16. Nf4 Qh6 17. Ne6 Bxe6 18. dxe6 c6 19. c5 Qxe6 20. cxd6 Bxd6 21. f4 Bc5+ 22. Kh1 Ng4 23. Nd1 Bb6 24. Bh3 h5 25. f5 Qf7 26. Qe2 Nd7 27. Bxg4 hxg4 28. Nf2 Bxf2 29.
Rxf2 Rae8 30. Re1 Qxa2 31. e5 Qd5+ 32. Kg1 Nc5 33. f6 Rxf6 34. Rxf6 gxf6 35. Qxg4+ Kf8 36. Rf1 Rxe5 37. Rxf6+ Ke7 38. Qg7+ Kd8 39. Rf8+ Re8 40. Qc7# 1-0

[Event "Late-Titled-Tuesday-Blitz-April-30-2024"]
[Site "Chess.com"]
[Date "2024.04.30"]
[Round "1"]
[White "Umumba_FM"]
[Black "KogotBobra17"]
[Result "1-0"]
[WhiteElo "2697"]
[BlackElo "2764"]
[TimeControl "180+1"]
[EndTime "14:07:27 PDT"]
[Termination "Umumba_FM won by resignation"]

1. Nc3 c5 2. Nf3 Nc6 3. d4 cxd4 4. Nxd4 Nf6 5. Bg5 d6 6. Bxf6 gxf6 7. e3 e6 8. Qh5 Be7 9. O-O-O a6 10. Bc4 Nxd4 11. Rxd4 Qc7 12. Rhd1 b5 13. Bb3 Bd7 14. Re4 Qc5 15.
Rd5 exd5 16. Nxd5 O-O-O 17. Rxe7 Rhg8 18. g3 Rgf8 19. h4 Kb8 20. Qxh7 Be6 21. Rc7 Bxd5 22. Rxc5 dxc5 23. Bxd5 Rxd5 24. b3 Rfd8 25. Qxf7 R8d6 26. h5 c4 27. Kb2 Rd2 28. h6 Rc6 29. b4 c3+ 30.
Kb3 a5 31. bxa5 Rd1 32. Qh5 Rb1+ 33. Ka3 b4+ 34. Ka4 Rb2 35. Qb5+ Kc7 36. Qd5 Rd6 37.
Qf7+ Kc6 38. Qc4+ Kd7 39. h7 b3 40. axb3 Ra2+ 41. Kb4 Rc6 42. Qxc6+ Kxc6 43. h8=Q Rxc2 44. Qxf6+ Kd5 45. Qxc3 Rxc3 46. Kxc3 1-0

[Event "Late-Titled-Tuesday-Blitz-April-30-2024"]
[Site "Chess.com"]
[Date "2024.04.30"]
[Round "1"]
[White "LuisFSiles"]
[Black "nekotyanof"]
[Result "1-0"]
[WhiteElo "2431"]
[BlackElo "2700"]
[TimeControl "180+1"]
[EndTime "14:07:27 PDT"]
[Termination "LuisFSiles won by checkmate"]

1. e4 c5 2. Nf3 Nc6 3. c3 Nf6 4. e5 Nd5 5. d4 d6 6. exd6 cxd4 7. cxd4 e6 8. Nc3 Nxc3 9. bxc3 Bxd6 10. Bd3 g6 11.
Bh6 Bd7 12. O-O Qa5 13. Rb1 Rb8 14. Re1 Ne7 15. c4 Qh5 16. Bg7 Rg8 17. Be5 Bxe5 18.
Rxe5 g5 19. d5 f6 20. dxe6 Bc6 21. Be4 fxe5 22. Bxc6+ Nxc6 23. Qd7+ Kf8 24. Nxe5 Nxe5 25. e7+ Kg7 26. e8=Q+ Nf7 27. Qe5+ Kh6 28. Qde6+ Qg6 29.
Qh3+ Qh5 30. Qf6+ Rg6 31. Qxf7 Qxh3 32. gxh3 b6 33. Rd1 Rbg8 34. Rd7 R8g7 35. Qf8 g4 36. h4 a6 37. a4 a5 38. Kg2 b5 39. cxb5 Kh5 40.
Rxg7 Rxg7 41. Qxg7 g3 42. Qg5# 1-0

[Event "Late-Titled-Tuesday-Blitz-April-30-2024"]
[Site "Chess.com"]
[Date "2024.04.30"]
[Round "1"]
[White "HajiyevKanan"]
[Black "KebabJangles"]
[Result "0-1"]
[WhiteElo "2607"]
[BlackElo "2317"]
[TimeControl "180+1"]
[EndTime "14:07:27 PDT"]
[Termination "KebabJangles won by checkmate"]

1. d4 Nf6 2. Nf3 g6 3. e3 Bg7 4. Be2 O-O 5. O-O d6 6. b3 c5 7. Bb2 Nbd7 8. c4 b6 9. Nc3 Bb7 10. d5 Re8 11. e4 e6 12. dxe6 Rxe6 13.
Ng5 Re8 14. Qxd6 Nxe4 15. Ngxe4 Bxe4 16. Rad1 Nf6 17. Qf4 Qe7 18. Nxe4 Qxe4 19. Qxe4 Nxe4 20. Bxg7 Kxg7 21. Bf3 Re7 22. Rfe1 Rae8 23. h4 Nf6 24.
Rxe7 Rxe7 25. g4 Rd7 26. Rxd7 Nxd7 27. g5 h6 28. Kg2 hxg5 29. hxg5 f6 30. gxf6+ Kxf6 31.
Kg3 Kf5 32. Be2 Nf6 33. Bd3+ Kg5 34. f4+ Kh5 35. Kf3 g5 36. Bf5 Kh4 37. fxg5 Kxg5 38. Be6 a5 39. Ke3 Ne8 40. Ke4 Kf6 41. Kd5 Nc7+ 42. Kc6 Nxe6 43. Kxb6 Ke7 44. Kxa5 Kd6 45. Kb6 Nd4 46. a4 Nxb3 47. a5 Nd2 48. a6 Nxc4+ 49. Kb7 Na5+ 50. Kb6 Nc6 51. Kb5 Kd5 52. Ka4 c4 53. Ka3 Kd4 54. Kb2 Kd3 55. Kc1 Kc3 56. Kb1 Kd2 57. Ka2 Na7 58. Ka3 c3 59. Kb4 c2 60.
Ka5 c1=Q 61. Kb6 Nc8+ 62. Kb7 Nd6+ 63. Ka8 Qc6+ 64. Ka7 Qc7+ 65. Ka8 Nb5 66. a7 Qxa7# 0-1

[Event "Late-Titled-Tuesday-Blitz-April-30-2024"]
[Site "Chess.com"]
[Date "2024.04.30"]
[Round "1"]
[White "NoSpaghettiForYou"]
[Black "mbojan"]
[Result "0-1"]
[WhiteElo "2500"]
[BlackElo "2948"]
[TimeControl "180+1"]
[EndTime "14:07:28 PDT"]
[Termination "mbojan won by resignation"]

1. e4 a6 2. d4 e6 3. Nf3 d5 4.
Nbd2 c5 5. exd5 exd5 6. c3 Nc6 7. Bd3 c4 8. Be2 Bd6 9. O-O Nge7 10. b3 cxb3 11. axb3 O-O 12. h3 Re8 13. Bb2 Bf5 14. Re1 Ng6 15. c4 Nb4 16. c5 Bc7 17. g4 Bd3 18.
Bc3 Bxe2 19. Rxe2 Rxe2 20. Qxe2 Nf4 21. Qf1 Nbd3 22. Ne5 Nxe5 23. dxe5 d4 24. Bb2 Bxe5 25. Nc4 Bc7 26. Rd1 d3 27. Bc1 Ne2+ 28. Kh1 Qd5+ 29. Qg2 Rd8 30. Be3 Nc3 31. Qxd5 Rxd5 32. Rd2 Ne4 33.
Rd1 g6 34. b4 f5 35. f3 Nc3 36. Rd2 Na4 37. Kg2 Kf7 38. Ra2 Nc3 39. Rd2 f4 40. Bf2 Na4 41. Ra2 Nc3 42. Rd2 Nb1 43. Rd1 d2 44. Nxd2 Nxd2 45. Be1 Nc4 46. Rc1 Ne3+ 47. Kf2 Ke6 48. c6 b5 49. Ra1 Nc2 50. Rxa6 Nxe1 51. Kxe1 Kd6 52. Ra8 Kxc6 53. Rh8 Rd7 54. h4 Bd6 55. h5 Bxb4+ 56. Ke2 gxh5 57. gxh5 Bc3 58. Rf8 b4 59. h6 b3 60. Rxf4 b2 61. Rc4+ Kd5 0-1

[Event "Late-Titled-Tuesday-Blitz-April-30-2024"]
[Site "Chess.com"]
[Date "2024.04.30"]
[Round "1"]
[White "Individoom"]
[Black "Heydarli77"]
[Result "0-1"]
[WhiteElo "2778"]
[BlackElo "2456"]
[TimeControl "180+1"]
[EndTime "14:07:28 PDT"]
[Termination "Heydarli77 won by checkmate"]

1. d4 d5 2. Nf3 Nf6 3. Bf4 Bf5 4. e3 e6 5. c4 Bxb1 6. Qxb1 Bb4+ 7. Kd1 O-O 8. c5 c6 9. Bd6 Re8 10. Bd3 Ba5 11.
Ne5 Bc7 12. Bxc7 Qxc7 13. f4 Nbd7 14. Ke2 b6 15. cxb6 axb6 16. Qc2 c5 17. Bb5 Rec8 18. Rhc1 Nxe5 19. fxe5 Ne4 20. Bd3 Qb7 21. Qd1 f5 22. a3 cxd4 23. exd4 Qf7 24. Kf1 Qg6 25. Rxc8+ Rxc8 26. Rc1 Rf8 27. Kg1 Qh6 28. Qe1 Qf4 29.
Rc2 Ng5 30. Qf2 Qg4 31. Kh1 Qd1+ 32. Qf1 Qg4 33. Qg1 h6 34. Rc3 Qf4 35. Rc2 Rf7 36. a4 Ne4 37. b4 Ra7 38. Bb5 Qh4 39. g3 Qg4 40. Kg2 Ng5 41. Qe3 Qd1 42. Rf2 Ne4 43.
Re2 Nc3 44. Rd2 Qc1 45. Rd3 Qb2+ 46. Rd2 Qxb4 47. Rc2 Nxb5 48. axb5 Qxb5 49. g4 Ra1 50. gxf5 Qf1+ 51. Kg3 Qxf5 52. Rf2 Rg1+ 53. Kh4 Qg4# 0-1

[Event "Late-Titled-Tuesday-Blitz-April-30-2024"]
[Site "Chess.com"]
[Date "2024.04.30"]
[Round "1"]
[White "BogdanDeac"]
[Black "kleber2007"]
[Result "1-0"]
[WhiteElo "3065"]
[BlackElo "2519"]
[TimeControl "180+1"]
[EndTime "14:07:29 PDT"]
[Termination "BogdanDeac won by checkmate"]

1. d4 Nf6 2. Nf3 g6 3. e3 Bg7 4.
Be2 O-O 5. O-O d5 6. Nbd2 c5 7. dxc5 Nbd7 8. b4 a5 9. c3 axb4 10. cxb4 Ne4 11. Nd4 Nc3 12. Qe1 e5 13. Nb5 Nxe2+ 14.
Qxe2 b6 15. c6 Nf6 16. Bb2 Ne8 17. a4 Nc7 18. f4 d4 19. fxe5 dxe3 20. Qxe3 Nd5 21.
Qd4 Be6 22. Ne4 Re8 23. Nbd6 Re7 24. b5 Rea7 25. Nc4 Rxa4 26. Ned6 Nc7 27. Qxb6 Bxc4 28. Nxc4 Rxa1 29. Bxa1 Rb8 30. Qf2 Qd5 31. Nd6 Nxb5 32.
Nxf7 Qe6 33. c7 Rf8 34. Qe2 Rxf7 35. Rxf7 Bf8 36. Qxb5 Qxf7 37. e6 Qf1+ 38. Qxf1 Bc5+ 39. Kh1 Bd6 40. Qf7# 1-0

[Event "Late-Titled-Tuesday-Blitz-April-30-2024"]
[Site "Chess.com"]
[Date "2024.04.30"]
[Round "1"]
[White "chigorin28"]
[Black "BeanScreen"]
[Result "1-0"]
[WhiteElo "2448"]
[BlackElo "2687"]
[TimeControl "180+1"]
[EndTime "14:07:29 PDT"]
[Termination "chigorin28 won by resignation"]

1. e4 e5 2. Bc4 Nf6 3. d3 c6 4. Nf3 d5 5. Bb3 Bb4+ 6. c3 Bd6 7. O-O O-O 8. Re1 Re8 9. Nbd2 Nbd7 10. Nf1 dxe4 11.
dxe4 Nc5 12. Bc2 a5 13. Ng3 Qe7 14. h3 a4 15. Qe2 b6 16. Bg5 h6 17. Bxf6 Qxf6 18.
Rad1 Ba6 19. Qe3 Bc4 20. Nf5 Bf8 21. a3 Nb3 22. Bxb3 Bxb3 23. Rd3 Bc5 24. Qc1 Rad8 25.
Rd2 h5 26. Rxd8 Rxd8 27. Nd2 Bxf2+ 28. Kxf2 g6 29. Nxb3 axb3 30. Qh6 Rd6 31. g4 gxf5 32. Qxf6 Rxf6 33. gxf5 Rd6 34. Ke2 c5 35. a4 c4 36.
Rg1+ Kf8 37. Rg3 Rd8 38. Rg5 Rd3 39. Rxh5 Rxc3 40. f6 Ke8 41. Rxe5+ Kd7 42. bxc3 b2 43. Rb5 Ke6 44. Rxb2 Kxf6 45. Rxb6+ Ke5 46. a5 Kxe4 47. a6 f5 48. a7 f4 49. a8=Q+ Kf5 50. Rb5+ Kg6 51.
Qc6+ 1-0

[Event "Late-Titled-Tuesday-Blitz-April-30-2024"]
[Site "Chess.com"]
[Date "2024.04.30"]
[Round "1"]
[White "MatthewG-p4p"]
[Black "dvglko"]
[Result "1-0"]
[WhiteElo "2850"]
[BlackElo "2469"]
[TimeControl "180+1"]
[EndTime "14:07:30 PDT"]
[Termination "MatthewG-p4p won by resignation"]

1. f4 e5 2. fxe5 d6 3. Nf3 Nc6 4. e4 dxe5 5. Bc4 h6 6. Qe2 Nf6 7. c3 Bg4 8. d3 Bc5 9. Be3 Bxe3 10.
Qxe3 O-O 11. Nbd2 Qe7 12. h3 Be6 13. O-O Rad8 14. Bb3 Rd7 15. Bc2 Rfd8 16. Nh4 b6 17.
Nf5 Bxf5 18. Rxf5 Qe6 19. a3 Ne7 20. Rf3 Ng6 21. Raf1 Nf4 22. d4 N6h5 23. d5 Qg6 24.
R1f2 Nxd5 25. exd5 Qxc2 26. Nc4 Qd1+ 27. Rf1 Qxd5 28.
Nxe5 Re7 29. Rf5 Rde8 30. Qf3 Qc5+ 31. Kh1 Rxe5 32. Rxh5 Rxh5 33. Qxf7+ Kh7 34. Qxe8 Qd5 35. Qe3 Rg5 36. Rf2 Qd1+ 37. Kh2 Qd6+ 38. g3 a5 39. h4 Rg4 40. Kh3 Qd7 41. Kg2 Qd5+ 42. Kh2 Qd6 43. Kh3 Qd7 44. Kg2 Qd5+ 45. Qf3 Qe6 46. Re2 Qg6 47. Kh3 Rc4 48. Re7 Rc5 49. g4 Rd5 50. Qxd5 Qf6 51. Qf5+ 1-0

[Event "Late-Titled-Tuesday-Blitz-April-30-2024"]
[Site "Chess.com"]
[Date "2024.04.30"]
[Round "1"]
[White "FabianoCaruana"]
[Black "Bugcrusher"]
[Result "1-0"]
[WhiteElo "3096"]
[BlackElo "2522"]
[TimeControl "180+1"]
[EndTime "14:07:32 PDT"]
[Termination "FabianoCaruana won by resignation"]

1. e4 e6 2. d3 d5 3. Nd2 Nf6 4. Ngf3 Nc6 5. e5 Nd7 6. d4 f6 7. exf6 Qxf6 8. c3 Bd6 9. Nb3 e5 10. dxe5 Ndxe5 11. Be2 O-O 12. O-O Be6 13. Ng5 Rad8 14.
Nxe6 Qxe6 15. Nd4 Nxd4 16. cxd4 Nd7 17. Bg4 Qg6 18. f4 Nf6 19. Be6+ Kh8 20. f5 Qe8 21. Bg5 h6 22. Bh4 c5 23. dxc5 Bxc5+ 24. Kh1 d4 25.
Qd3 Bb6 26. Rae1 Qc6 27. Rc1 Qa4 28. a3 Qe8 29. Bxf6 Rxf6 30. g3 Qe7 31. Rfe1 Rff8 32. Rc2 Qf6 33. Kg2 Rfe8 34. Rce2 Re7 35. b4 Rde8 36.
a4 g6 37. a5 Bc7 38. Bd5 Rxe2+ 39. Rxe2 Rxe2+ 40. Qxe2 Qxf5 41. Qe8+ Kg7 42. Qe7+ Kh8 43. Be4 Qe5 44. Qf8+ Kh7 45. Qf7+ Kh8 46. Qxg6 Qe7 47.
Qxh6+ Kg8 48. Bd5+ 1-0

[Event "Late-Titled-Tuesday-Blitz-April-30-2024"]
[Site "Chess.com"]
[Date "2024.04.30"]
[Round "1"]
[White "Hrant_ChessMood"]
[Black "vladoboch"]
[Result "1-0"]
[WhiteElo "2939"]
[BlackElo "2500"]
[TimeControl "180+1"]
[EndTime "14:07:32 PDT"]
[Termination "Hrant_ChessMood won by resignation"]

1. d4 d5 2. Bf4 Nf6 3. e3 c5 4.
Nf3 e6 5. Nbd2 Bd6 6. dxc5 Bxc5 7. Bd3 O-O 8. O-O Nc6 9. a3 Bd6 10. Bxd6 Qxd6 11. c4 Rd8 12. b4 dxc4 13. Bxc4 b6 14. Qe2 Bb7 15. Rfd1 Ne5 16. Nxe5 Qxe5 17. Nf3 Qh5 18. Ba6 Be4 19. Nd4 Qg6 20. f3 e5 21.
fxe4 exd4 22. Rxd4 Rxd4 23. exd4 Qxe4 24. Qxe4 Nxe4 25.
Re1 Nf6 26. Re7 Kf8 27. Rb7 Rd8 28. Rxa7 Rxd4 29. Rb7 Ne4 30. h4 Rd6 31. Bc4 f6 32. Rf7+ Ke8 33. Rxg7 h5 34. Be2 Rd2 35. Bxh5+ Kf8 36.
Rb7 Ra2 37. Rxb6 Rxa3 38. Bf3 Nd2 39. Rxf6+ Ke7 40. Rf4 Ra1+ 41. Kh2 Rb1 42. Kh3 Nf1 43. h5 Ne3 44. Re4+ Kf6 45. Rxe3 Rh1+ 46. Kg3 1-0

[Event "Late-Titled-Tuesday-Blitz-April-30-2024"]
[Site "Chess.com"]
[Date "2024.04.30"]
[Round "1"]
[White "ChadBiryani"]
[Black "Semyon_Khanin"]
[Result "0-1"]
[WhiteElo "2478"]
[BlackElo "2877"]
[TimeControl "180+1"]
[EndTime "14:07:32 PDT"]
[Termination "Semyon_Khanin won by resignation"]

1. c4 Nf6 2. g3 e5 3. Bg2 c6 4. d4 exd4 5. Qxd4 Na6 6. a3 Bc5 7. Qd2 O-O 8. Nh3 d5 9. b4 Be7 10. cxd5 Nxd5 11. O-O Bf6 12. Bb2 Nf4 13. Qxf4 Bxb2 14. Ra2 Bf6 15. Rd2 Qe7 16. Rfd1 Re8 17. Qf3 g5 18. Qh5 Bf5 19. e4 Bg6 20. Qg4 h5 21. Qe2 Rad8 22. Kf1 Nc7 23. f4 Rxd2 24.
Nxd2 Nb5 25. Nb1 h4 26. e5 Bxb1 27. Rxb1 Nc3 28. Qc2 Nxb1 29. Qxb1 Bxe5 30. fxe5 Qxe5 31. Qd1 hxg3 32. hxg3 Qxg3 33. Nf2 Qf4 34. Kg1 Re3 35. Ng4 Re6 36. Qd8+ Kg7 37. Qd1 Rd6 38. Qa1+ f6 39. Nf2 Rd2 40. Qe1 Kh6 41. Bh3 Qd4 42. Kf1 Rb2 43.
Ng4+ Kh5 44. Qe8+ Kh4 45. Qe1+ Kxh3 46. Nf2+ Rxf2+ 47. Qxf2 Qxf2+ 48. Kxf2 Kg4 0-1

[Event "Late-Titled-Tuesday-Blitz-April-30-2024"]
[Site "Chess.com"]
[Date "2024.04.30"]
[Round "1"]
[White "Russian_berezka"]
[Black "Goi_Manne"]
[Result "1-0"]
[WhiteElo "2630"]
[BlackElo "2313"]
[TimeControl "180+1"]
[EndTime "14:07:32 PDT"]
[Termination "Russian_berezka won by resignation"]

1. d4 d5 2. c4 dxc4 3. Nf3 Nf6 4. e3 Bg4 5. Bxc4 e6 6. h3 Bh5 7. Nc3 Nc6 8. O-O Bd6 9. Be2 O-O 10. a3 Qe7 11. b4 a6 12. Bb2 Rad8 13. Qb3 e5 14. dxe5 Nxe5 15. Nd4 Bxe2 16. Ncxe2 g6 17.
Nf4 Ned7 18. Rfe1 Rfe8 19. Nf3 Ne5 20. Nxe5 Bxe5 21. Bxe5 Qxe5 22. Rad1 Kg7 23. Qc4 c6 24. Nd3 Qd6 25. Qb3 Qd5 26. Qc3 Rd6 27. f3 Rd7 28. e4 Qd4+ 29. Qxd4 Rxd4 30. Nc5 Rxd1 31. Rxd1 Re7 32.
Rd8 a5 33. Rb8 axb4 34. axb4 b5 35. Rc8 Ra7 36. Rxc6 Ra1+ 37. Kf2 Rb1 38. Nd3 Rb3 39. Ke3 Nd7 40. f4 g5 41. g3 h5 42. h4 gxh4 43.
gxh4 Kf8 44. e5 Ke7 45. Rc7 Ke6 46. f5+ Ke7 47. Kd4 Kd8 48. Rxd7+ Kxd7 49. Nc5+ Kc6 50. Nxb3 Kb6 51. Nc5 Kc6 52. Ke4 Kc7 53. Kd5 Kd8 54.
e6 fxe6+ 55. Kxe6 1-0